 Dungeon Crawl Stone Soup version 0.29.1-1-gd02db6906a (webtiles) character file.

Game seed: 4594449310977262163

352 LustLizard the Sneak (level 6, -9/30 HPs)
             Began as a Spriggan Arcane Marksman on Sept 23, 2022.
             Killed by divine providence
             ... invoked by an orc priest
              (13 damage)
             ... on level 4 of the Dungeon.
             The game lasted 00:06:58 (4232 turns).

LustLizard the Sneak (Spriggan Arcane Marksman)     Turns: 4232, Time: 00:06:58

Health: -9/30      AC:  3    Str:  6    XL:     6   Next: 34%
Magic:  9/9        EV: 17    Int: 14    God:
Gold:   194        SH:  0    Dex: 18    Spells: 3/7 levels left

rFire   . . .      SeeInvis +   a - +1 sling
rCold   . . .      Faith    .   (no shield)
rNeg    . . .      Spirit   .   c - +0 robe
rPois   .          Reflect  .   (helmet restricted)
rElec   .          Harm     .   e - +0 cloak
rCorr   .          Rampage  .   (gloves unavailable)
Will    +....                   (boots unavailable)
Stlth   +++.......              (no amulet)
HPRegen 0.10/turn               (no ring)
MPRegen 0.11/turn               (no ring)

@: very quick
A: very small, no large weapons, unfitting armour, see invisible, speed 3
a: no special abilities


You were on level 4 of the Dungeon.
You visited 1 branch of the dungeon, and saw 4 of its levels.

You collected 194 gold pieces.

Inventory:

Hand Weapons
 a - a +1 sling (weapon)
Armour
 c - a +0 robe (worn)
 e - a +0 cloak (worn)
Jewellery
 j - an amulet of regeneration
Scrolls
 b - a scroll of poison
 d - a scroll of blinking {unknown}
 f - 3 scrolls of identify
 g - a scroll of magic mapping {unknown}
Potions
 h - a potion of mutation
 i - a potion of heal wounds
 k - a potion of degeneration {unknown}
 l - a potion of lignification {unknown}


   Skills:
 + Level 2.2 Fighting
 * Level 4.2 Ranged Weapons
 - Level 2.6 Dodging
 * Level 5.7 Stealth
 - Level 1.3 Spellcasting
 - Level 4.0 Hexes
 * Level 2.6 Translocations


You had 3 spell levels left.
You knew the following spells:

 Your Spells              Type           Power      Damage    Failure   Level
a - Slow                  Hex            48%        N/A       4%          1
b - Portal Projectile     Hex/Tloc       20%        N/A       21%         3

Your spell library contained the following spells:

 Spells                   Type           Power      Damage    Failure   Level
 Ensorcelled Hibernation  Hex/Ice        12%        N/A       17%         2
 Inner Flame              Hex/Fire       6%         N/A       32%         3
 Passwall                 Tmut/Erth      0%         N/A       36%         2
 Spider Form              Tmut/Pois      0%         N/A       58%         3
 Swiftness                Air            0%         N/A       58%         3
 Cause Fear               Hex            6%         N/A       43%         4
 Anguish                  Hex/Necr       3%         N/A       73%         4
 Summon Ice Beast         Ice/Summ       0%         N/A       94%         4
 Summon Mana Viper        Hex/Summ       6%         N/A       97%         5
 Monstrous Menagerie      Summ           0%         N/A       100%        7


Dungeon Overview and Level Annotations

Branches:
Dungeon (4/15)
 Temple: D:4-7

Altars:
Okawaru

Annotations:
D:2 Sigmund


Innate Abilities, Weirdness & Mutations

You are very small and have problems with some larger weapons.
You are too small for most types of armour.
You have supernaturally acute eyesight. (SInv)
You cover ground extremely quickly. (Speed+++)


Message History

Okay, then.
Okay, then.
Magic restored.
HP restored.
Things that are here:
a +4 quarterstaff of chaos; a +0 cloak; the gnoll corpse of Crazy Yiuf
There is an open translucent door here.
Done exploring.
Done exploring.
There is an open translucent door here.
There is a stone staircase leading down here.
You climb downwards.
There is a stone staircase leading up here.
Found a stone staircase leading up.
There is a stone staircase leading up here.
A ball python comes into view.
You shoot a sling bullet. The sling bullet hits the ball python.
You kill the ball python!
No target in view!
An orc priest comes into view. It is wielding a +2 hand axe of venom.
Found an iron altar of Okawaru.
Your line of fire to the orc priest is blocked by a plant.
Unknown command.
The orc priest shouts!
You hear a shout!
An orc comes into view. It is wielding a +2 whip of venom.
Your line of fire to the orc priest is blocked by a plant.
Your line of fire to the orc priest is blocked by a plant.
The orc priest hits the plant with a +2 hand axe of venom!
The plant begins to die.
The plant is poisoned.
An orc comes into view. It is wielding a +0 whip.
Unknown command.
The orc priest calls down the wrath of Beogh upon you.
Beogh smites you!
You hear a shout!
The orc priest mumbles some strange prayers to Beogh against you.
Beogh smites you!
* * * LOW HITPOINT WARNING * * *
The orc priest mumbles some strange prayers to Beogh against you.
Beogh smites you!
You die...

._.P.P.#
#..#..##
o.P.P.#
#....##
o..P.#
###..##
P.P.#
#.<###
o..#
###..#
..#
#...##
#.###..##
#.##..##
#.@.###
##..#
#..##
#..##
#..# ...#
.... ....
....


You could see an orc priest and 2 orcs.

Vanquished Creatures
  The ghost of Arctor the Trooper, an amateur GrFi (D:3)
  An ogre (D:3)
  Crazy Yiuf (D:3)
  An adder (D:3)
  4 gnolls (D:3)
  2 dart slugs
  6 orcs (D:3)
  7 ball pythons
  6 endoplasms
  3 giant cockroaches
  4 goblins
  7 hobgoblins
  3 jackals (D:2)
  4 quokkas
  7 bats
  3 frilled lizards (D:1)
  3 kobolds
  8 rats
71 creatures vanquished.

Notes
Turn   | Place    | Note
-------+----------+-------------------------------------------
     0 | D:1      | LustLizard the Spriggan Arcane Marksman began the quest for
                  | the Orb.
     0 | D:1      | Reached XP level 1. HP: 9/9 MP: 3/3
   196 | D:1      | Reached skill level 1 in Stealth
   243 | D:1      | Reached skill level 1 in Fighting
   243 | D:1      | Reached XP level 2. HP: 14/14 MP: 5/5
   489 | D:1      | Reached skill level 2 in Stealth
   762 | D:1      | Reached XP level 3. HP: 18/18 MP: 6/6
  1366 | D:2      | Noticed Sigmund
  1517 | D:2      | Found a faded altar of an unknown god.
  1960 | D:3      | Found a large runed translucent door.
  1960 | D:3      | Found a large runed translucent door.
  1965 | D:3      | Noticed Arctor's ghost (amateur GrFi)
  2456 | D:2      | Reached skill level 3 in Stealth
  2565 | D:3      | Noticed an ogre
  2570 | D:3      | Killed an ogre
  2571 | D:3      | Reached skill level 4 in Stealth
  2571 | D:3      | Reached XP level 4. HP: 23/23 MP: 7/7
  2626 | D:3      | Reached XP level 5. HP: 26/26 MP: 8/8
  2897 | D:3      | Learned a level 3 spell: Portal Projectile
  3227 | D:3      | Found a runed translucent door.
  3228 | D:3      | Noticed Crazy Yiuf
  3761 | D:3      | Reached skill level 5 in Stealth
  3761 | D:3      | Reached skill level 1 in Translocations
  3875 | D:3      | Killed Crazy Yiuf
  4005 | D:3      | Killed Arctor's ghost
  4006 | D:3      | Reached XP level 6. HP: 19/30 MP: 5/9
  4223 | D:4      | Found an iron altar of Okawaru.
  4232 | D:4      | Killed from afar by an orc priest

Illustrated notes

Levels and vault maps discovered:
D:1:      dpeg_arrival_water_fire, layout_loops_corners
D:2:      layout_loops_ring, chequers_ecumenical_altar_lobes, uniq_sigmund
D:3:      layout_basic, ebering_ghost_disaster_area, st_stairs_3,
          kennysheep_crisscross, kennysheep_nondescript, grunt_ministairs_2,
          uniq_crazy_yiuf_cottage
D:4:      layout_layer_cave, mainiacjoe_overflow_cross_hatched, uniq_grinder,
          uniq_pikel, uniq_natasha

Skill      XL: |  1  2  3  4  5 |
---------------+----------------+-----
Stealth        | 1 2 4 5 |  5.7
Fighting       | 1 2 |  2.2
Hexes          | 4 |  4.0
Ranged Weapons | 3 4 |  4.2
Translocations | 2 |  2.6
Dodging        | |  2.6
Spellcasting   | |  1.3

Action                   |  1- 3 |  4- 6 || total
-------------------------+-------+-------++-------
 Fire: Sling             |   147 |   160 ||   307
 Cast: Slow              |     1 |    19 ||    20
  Use: Scroll            |     1 |       ||     1
Armor: Robe              |    10 |     5 ||    15
Dodge: Dodged            |    72 |    35 ||   107
